 Dungeon Crawl Stone Soup version 0.18.1-8-gdd0e5ea (webtiles) character file.

206 Kenran the Slasher (level 5, -1/45 HPs)
             Began as a Minotaur Fighter on May 21, 2016.
             Slain by a wight
             ... wielding a +3 dire flail of freezing
              (12 damage)
             ... on level 3 of the Dungeon.
             The game lasted 00:04:58 (2214 turns).

Kenran the Slasher (Minotaur Fighter)               Turns: 2214, Time: 00:04:58

Health: -1/45      AC:  8    Str: 20    XL:     5   Next: 53%
Magic:  4/4        EV:  7    Int:  5    God:
Gold:   154        SH:  0    Dex: 11    Spells: 0 memorised, 4 levels left

rFire  . . .     SeeInvis .     t - +2 long sword
rCold  . . .     Gourm    .     i - +0 chain mail
rNeg   . . .     Faith    .     (no shield)
rPois  .         Spirit   .     (helmet restricted)
rElec  .         Dismiss  .     (no cloak)
rCorr  .         Reflect  .     (no gloves)
SustAt .         Harm     .     (no boots)
MR     .....                    (no amulet)
Stlth  ..........               (no ring)
                                (no ring)

@: drained, not resistant to hostile enchantments, extremely unstealthy
A: retaliatory headbutt, horns 2
a: no special abilities


You were on level 3 of the Dungeon.
You were not hungry.

You visited 1 branch of the dungeon, and saw 3 of its levels.

You collected 154 gold pieces.

Inventory:

Hand Weapons
 a - a +1 long sword
 t - a +2 long sword (weapon)
Armour
 i - a +0 chain mail (worn)
Jewellery
 p - an uncursed ring of positive energy {unknown}
 s - an uncursed amulet of magic regeneration {unknown}
Wands
 n - a wand of hasting (3/9)
Scrolls
 b - a scroll of magic mapping
 g - a scroll of teleportation
 k - 3 scrolls of remove curse
 o - a scroll of identify
Potions
 c - a potion of ambrosia {unknown}
 d - 2 potions of might
 e - a potion of degeneration {unknown}
 h - 2 potions of curing {unknown}
 j - a potion of agility {unknown}
 m - a potion of haste {unknown}
 q - a potion of magic {unknown}
 r - a potion of invisibility {unknown}
Comestibles
 f - a bread ration
 l - 8 chunks of flesh


   Skills:
 - Level 3.6(2.7) Fighting
 + Level 7.1(6.1) Long Blades
 - Level 3.6(2.7) Armour
   Level 3.6(2.7) Shields


You had 4 spell levels left.
You didn't know any spells.

Dungeon Overview and Level Annotations

Branches:
Dungeon (3/15)

Altars:


Innate Abilities, Weirdness & Mutations

You reflexively headbutt those who attack you in melee.
You have a pair of horns on your head.


Message History

You slash the wight!
The wight is heavily damaged.
The wight closely misses you.
The wight hits you with a dire flail of freezing!
You feel drained. The wight freezes you.
You hit the wight but do no damage. Your headbutt misses the wight.
The wight is heavily damaged.
The wight hits you but does no damage.
The wight hits you with a dire flail of freezing.
The wight freezes you.
You closely miss the wight.
The wight is heavily damaged.
The wight hits you with a dire flail.
You feel drained. The wight hits you but does no damage.
You hit the wight.
The wight is severely damaged.
The wight hits you with a dire flail!
* * * LOW HITPOINT WARNING * * *
The wight hits you with a dire flail of freezing!
You die...

....## #.##.##.#
.....####.#..##(#
.).....##...###.
....##.....## #.##
......)....## #..#####
.###........###......#
.# ###.....[.........#
.# #####.####.zz...# ##
###.#####@#### .##
##............## ..#
#........>.....##
..#####...............#
>....##...............#
..##.#................#
..##..................#
..###)......>.........#
.####...#............##


You could see 2 wights.

Vanquished Creatures
  2 wights (D:3)
  A hound (D:3)
  An adder (D:2)
  2 oozes
  A worm (D:3)
  3 dart slugs
  A giant gecko (D:1)
  An orc (D:3)
  A ball python (D:2)
  5 bats
  3 giant cockroaches
  7 goblins
  8 hobgoblins
  6 jackals
  15 kobolds
  A quokka (D:2)
  2 giant newts
  6 rats
66 creatures vanquished.

Notes
Turn   | Place    | Note
--------------------------------------------------------------
     0 | D:1      | Kenran the Minotaur Fighter began the quest for the Orb.
     0 | D:1      | Reached XP level 1. HP: 19/19 MP: 0/0
   198 | D:1      | Reached skill level 3 in Long Blades
   237 | D:1      | Reached XP level 2. HP: 26/26 MP: 1/1
   542 | D:1      | Reached skill level 4 in Long Blades
   846 | D:1      | Reached XP level 3. HP: 31/31 MP: 2/2
  1495 | D:2      | Reached skill level 5 in Long Blades
  1532 | D:2      | Reached XP level 4. HP: 29/39 MP: 3/3
  1921 | D:3      | Reached skill level 6 in Long Blades
  1970 | D:3      | Reached XP level 5. HP: 34/45 MP: 4/4
  1986 | D:3      | Reached skill level 7 in Long Blades
  2214 | D:3      | Slain by a wight

Skill      XL: |  1  2  3  4  5 |
---------------+----------------+-----
Long Blades    | 3 4 5 6 7 |  7.1
Fighting       | |  3.6
Armour         | |  3.6
Shields        | |  3.6

Action                   |  1- 3 |  4- 6 || total
-------------------------+-------+-------++-------
Melee: Long sword        |   107 |    57 ||   164
       Headbutt          |    16 |    11 ||    27
  Use: Scroll            |     4 |     2 ||     6
  Eat: Chunk             |     2 |     2 ||     4
Armor: Chain mail        |    71 |    47 ||   118
       Scale mail        |     1 |       ||     1
Dodge: Dodged            |    25 |    29 ||    54
Block: Shield            |    43 |       ||    43
